 Dungeon Crawl Stone Soup version 0.22-a0-897-g1b7a381375 (webtiles) character file.

2540 Htamos the Shield-Bearer (level 9, 0/74 HPs)
             Began as a Gnoll Fighter on July 31, 2018.
             Was a Follower of Ashenzari.
             Slain by a water moccasin (2 damage)
             ... on level 8 of the Dungeon.
             The game lasted 00:10:56 (8092 turns).

Htamos the Shield-Bearer (Gnoll Fighter)            Turns: 8092, Time: 00:10:57

Health: 0/74       AC:  9    Str: 27    XL:     9   Next: 55%
Magic:  15/15      EV:  2    Int: 10    God:    Ashenzari [*.....]
Gold:   429        SH:  0    Dex: 15    Spells: 16/16 levels left

rFire    . . .     SeeInvis .   D - +1 hand axe (elec) (curse)
rCold    . . .     Gourm    .   b - +1 shield
rNeg     + + +     Faith    .   a - +0 scale mail
rPois    ∞         Spirit   .   (no helmet)
rElec    .         Reflect  .   (no cloak)
rCorr    .         Harm     .   (no gloves)
MR       .....                  g - +0 pair of boots
Stlth    +.........             (no amulet)
HPRegen  0.22/turn              (no ring)
MPRegen  0.14/turn              (no ring)

@: mighty, petrified
A: distributed training, fangs 1, strong nose
a: Curse Item, Scrying, Renounce Religion


You were on level 8 of the Dungeon.
You worshipped Ashenzari.
Ashenzari was aware of your devotion.
You were very hungry.

You visited 2 branches of the dungeon, and saw 9 of its levels.
You also visited: Ossuary.

You collected 429 gold pieces.

Inventory:

Hand Weapons
 o - a +0 blowgun
 r - a +1 falchion of holy wrath
 D - a cursed +1 hand axe of electrocution (weapon)
Missiles
 n - 6 curare-tipped needles
Armour
 a - a +0 scale mail (worn)
 b - a +1 shield (worn)
 g - a +0 pair of boots (worn)
Jewellery
 C - the ring of Borr {Ice rElec MR+}
   (You found it on level 6 of the Dungeon)

   [ring of ice]

   It enhances your ice magic.
   It makes you vulnerable to fire.
   It protects you from cold.
   It insulates you from electricity.
   It affects your resistance to hostile enchantments.
Wands
 w - a wand of flame (28)
 z - a wand of iceblast (5)
 A - a wand of random effects (63)
Scrolls
 h - 2 scrolls of remove curse
 j - a scroll of fog
 k - 5 scrolls of identify
 m - a scroll of amnesia
 p - 4 scrolls of enchant armour
 q - 2 scrolls of immolation
 x - a scroll of enchant weapon
Potions
 c - 2 potions of might
 f - 2 potions of degeneration
 i - a potion of agility {unknown}
 s - a potion of invisibility {unknown}
 u - 2 potions of haste {unknown}
 v - 2 potions of ambrosia {unknown}
 B - a potion of resistance {unknown}
 F - a potion of lignification {unknown}
 J - 3 potions of magic {unknown}
Comestibles
 d - 14 rations


   Skills:
 + Level 7.9 Fighting
 + Level 4.2 Short Blades
 + Level 4.2 Long Blades
 + Level 4.2 Axes
 + Level 4.2 Maces & Flails
 + Level 4.2 Polearms
 + Level 4.2 Staves
 + Level 4.2 Slings
 + Level 4.2 Bows
 + Level 4.2 Crossbows
 + Level 4.2 Throwing
 + Level 7.9 Armour
 + Level 4.2 Dodging
 + Level 4.2 Stealth
 + Level 7.9 Shields
 + Level 6.3 Unarmed Combat
 + Level 4.2 Spellcasting
 + Level 3.5 Conjurations
 + Level 3.5 Hexes
 + Level 3.5 Charms
 + Level 3.5 Summonings
 + Level 3.5 Necromancy
 + Level 3.5 Translocations
 + Level 3.5 Transmutations
 + Level 3.5 Fire Magic
 + Level 3.5 Ice Magic
 + Level 3.5 Air Magic
 + Level 3.5 Earth Magic
 + Level 3.5 Poison Magic
 + Level 4.7 Invocations
 + Level 4.2 Evocations


You had 16 spell levels left.
You didn't know any spells.
Your spell library contained the following spells:

 Spells                   Type           Power        Failure   Level  Hunger
 Magic Dart               Conj           #...         28%         1    #......
 Confuse                  Hex            #.......     65%         3    ###....
 Iskenderun's Mystic Bla  Conj           #.......     96%         4    #####..
 Animate Dead             Necr           N/A          96%         4    #####..
 Pain                     Necr           #...         28%         1    #......
 Animate Skeleton         Necr           N/A          28%         1    #......
 Vampiric Draining        Necr           #.........   65%         3    ###....
 Regeneration             Chrm/Necr      #.........   65%         3    ###....
 Tukima's Dance           Hex            #.......     65%         3    ###....
 Ensorcelled Hibernation  Hex/Ice        #.....       41%         2    ##.....
 Corona                   Hex            #......      28%         1    #......
 Fulminant Prism          Conj/Hex       #.........   96%         4    #####..
 Dazzling Spray           Conj/Hex       #.....       65%         3    ###....
 Force Lance              Conj/Tloc      #.......     96%         4    #####..
 Searing Ray              Conj           #.....       41%         2    ##.....


Dungeon Overview and Level Annotations

Branches:
Dungeon (8/15)             Temple (1/1) D:4            Lair (0/6) D:8

Altars:
Ashenzari
Cheibriados
Dithmenos
Elyvilon
Fedhas
Gozag
Hepliaklqana
Kikubaaqudgha
Makhleb
Nemelex Xobeh
Okawaru
Qazlal
Ru
Sif Muna
Trog
Uskayaw
Vehumet
Wu Jian
Xom
Yredelemnul
Zin
The Shining One

Annotations:
D:4 1 runed door, NeAGen181's ghost, amateur HOFi
D:6 1 runed door


Innate Abilities, Weirdness & Mutations

Your experience applies equally to all skills.
You have very sharp teeth.
Your uncanny sense of smell can sniff out nearby items.


Message History

You block the water moccasin's attack. The basilisk gazes at you.
You are slowing down.
You hit the basilisk. Lightning courses through the basilisk!
You kill the basilisk!
You hit the water moccasin. The water moccasin barely misses you.
The water moccasin bites you.
Your limbs are stiffening.
Unknown command.
You hit the water moccasin.
Lightning courses through the water moccasin!
The water moccasin is almost dead.
The water moccasin barely misses you.
The water moccasin bites you but does no damage. x2
You have turned to stone.
The water moccasin bites you.
* * * LOW HITPOINT WARNING * * *
The water moccasin bites you!
* * * LOW HITPOINT WARNING * * *
The water moccasin bites you.
You die...

*[## ***,.,,,,,>,,,,,,,*,
*..# ##,/.,,,,,,,,,,,,**,
*#.# #..#*,,,,,,,,,,,*,,, #.#
##.#***,,,,,,,,,***,,
#.###..######,,,,,****,,,
####...lh#.....#**,,,,,*,,,,
##...†.####.....# *****,,,*,,
#...............# *,,*,,,,
######.####.@S..#*****,**,,,,
#.....##.......,,,,,,,,,
##....*#....##..,,,,*,,,
#....##$##.../,*,***,,,
#....##..,..##,,,***,,,
#.......#∆,.#**,,,,****
#....####**..,**,*,* *,,,,*
***,**,*,**** *,,,,*
*,,,,,*,,,,*


You could see a water moccasin.

Vanquished Creatures
  An elephant (D:8)
  A basilisk (D:8)
  A hungry ghost (D:7)
  A soldier ant (D:6)
  3 centaurs
  An elf zombie (Ossuary)
  3 bullfrogs
  2 scorpions
  A water moccasin skeleton (D:5)
  4 wights
  2 crimson imps
  2 hounds
  A jelly (D:5)
  2 orc priests
  4 orc wizards
  A bullfrog skeleton (D:5)
  An iguana (D:5)
  10 worker ants
  3 mummies (Ossuary)
  A worker ant zombie (D:6)
  6 gnolls
  A howler monkey skeleton (D:7)
  8 adders
  A shadow imp (D:7)
  3 oozes (D:3)
  3 adder zombies (Ossuary)
  An adder skeleton (D:7)
  4 worms
  A dart slug (D:2)
  7 leopard geckos
  24 orcs
  3 ball pythons (D:1)
  4 bats
  7 giant cockroaches
  2 gnoll zombies (Ossuary)
  6 hobgoblins
  9 jackals
  11 kobolds
  5 quokkas
  4 frilled lizards
  6 goblins
  3 goblin zombies (Ossuary)
  3 hobgoblin zombies (Ossuary)
  A jackal skeleton (D:4)
  4 kobold zombies (Ossuary)
  A leopard gecko skeleton (D:6)
  A quokka skeleton (D:6)
  A quokka zombie (Ossuary)
  14 rats
  A rat zombie (Ossuary)
  2 butterflies (D:6)
192 creatures vanquished.

Notes
Turn   | Place    | Note
-------+----------+-------------------------------------------
     0 | D:1      | Htamos the Gnoll Fighter began the quest for the Orb.
     0 | D:1      | Reached XP level 1. HP: 23/23 MP: 1/1
    56 | D:1      | Reached XP level 2. HP: 13/29 MP: 2/2
   340 | D:1      | Reached XP level 3. HP: 35/35 MP: 3/3
   626 | D:1      | Reached skill level 1 in Invocations
   858 | D:2      | Found a blossoming altar of Fedhas.
   873 | D:2      | Reached skill level 1 in Short Blades
   873 | D:2      | Reached skill level 1 in Long Blades
   873 | D:2      | Reached skill level 1 in Axes
   873 | D:2      | Reached skill level 1 in Maces & Flails
   873 | D:2      | Reached skill level 1 in Polearms
   873 | D:2      | Reached skill level 1 in Staves
   873 | D:2      | Reached skill level 1 in Slings
   873 | D:2      | Reached skill level 1 in Bows
   873 | D:2      | Reached skill level 1 in Crossbows
   873 | D:2      | Reached skill level 1 in Throwing
   873 | D:2      | Reached skill level 1 in Dodging
   873 | D:2      | Reached skill level 1 in Stealth
   873 | D:2      | Reached skill level 1 in Spellcasting
   873 | D:2      | Reached skill level 1 in Evocations
   880 | D:2      | Reached XP level 4. HP: 35/41 MP: 5/5
  1306 | D:2      | Found a faded altar of an unknown god.
  1352 | D:2      | Reached skill level 1 in Conjurations
  1352 | D:2      | Reached skill level 1 in Hexes
  1352 | D:2      | Reached skill level 1 in Charms
  1352 | D:2      | Reached skill level 1 in Summonings
  1352 | D:2      | Reached skill level 1 in Necromancy
  1352 | D:2      | Reached skill level 1 in Translocations
  1352 | D:2      | Reached skill level 1 in Transmutations
  1352 | D:2      | Reached skill level 1 in Fire Magic
  1352 | D:2      | Reached skill level 1 in Ice Magic
  1352 | D:2      | Reached skill level 1 in Air Magic
  1352 | D:2      | Reached skill level 1 in Earth Magic
  1352 | D:2      | Reached skill level 1 in Poison Magic
  1781 | D:3      | Reached XP level 5. HP: 47/47 MP: 5/7
  2087 | D:3      | Reached XP level 6. HP: 45/53 MP: 8/8
  2602 | D:4      | Found a staircase to the Ecumenical Temple.
  2615 | Temple   | Entered the Ecumenical Temple
  2660 | Temple   | Became a worshipper of Ashenzari the Shackled
  2799 | D:4      | Found a runed door.
  2820 | D:4      | Reached skill level 5 in Unarmed Combat
  3087 | D:4      | Noticed NeAGen181's ghost (amateur HOFi)
  3272 | D:5      | Entered Level 5 of the Dungeon
  4088 | D:5      | Reached XP level 7. HP: 57/59 MP: 10/10
  4647 | D:5      | Found an iron altar of Okawaru.
  4647 | D:5      | Found a glowing golden altar of the Shining One.
  4648 | D:5      | Found a glowing silver altar of Zin.
  4892 | D:6      | Found a glowing golden altar of the Shining One.
  4971 | D:6      | Identified the ring of Borr {Ice rElec MR+}
  5130 | D:6      | Found a stormy altar of Qazlal.
  5709 | D:6      | Found a runed door.
  5725 | D:6      | Found a runed door.
  5919 | D:6      | Noticed a soldier ant
  5930 | D:6      | Reached XP level 8. HP: 63/67 MP: 12/12
  6736 | D:7      | Found a sacrificial altar of Ru.
  6794 | D:7      | Found a radiant altar of Vehumet.
  7132 | D:7      | Found an opulent altar of Gozag.
  7282 | D:7      | Reached XP level 9. HP: 55/72 MP: 14/14
  7616 | D:7      | Reached * piety under Ashenzari
  7801 | D:8      | Found a sand-covered staircase.
  7806 | Ossuary  | Entered an ossuary
  8038 | D:8      | Noticed an elephant
  8073 | D:8      | Killed an elephant
  8086 | D:8      | HP: 3/74 [basilisk (8)]
  8091 | D:8      | HP: 2/74 [water moccasin (4)]
  8092 | D:8      | Slain by a water moccasin

Vault maps used:
D:1:      minmay_arrival_semitransparent
D:2:      fedhas_altar_2, chequers_ecumenical_altar_island, first_ration
D:3:      minmay_unequal
D:4:      minmay_temple_entry_trees, ebering_ghost_inner_flame
D:5:      gammafunk_temple_overflow_claw, minivault_5
D:6:      lemuel_insect_pit, nicolae_qazlal_general_emergency, tso_metal_star
D:7:      grunt_gozag_breadcrumbs, overflow_temple_1_default,
          nicolae_ru_sacrificial_ziggurat
D:8:      david_lair_generic, enter_ossuary_2, hangedman_little_slice_of_home,
          nicolae_benzene_ring
Temple:   zaba_magenta_temple
Ossuary:  ossuary_minmay_chase

Skill      XL: |  1  2  3  4  5  6  7  8  9 |
---------------+----------------------------+-----
Invocations    | 1 2 3 4 |  4.7
Short Blades   | 1 2 3 4 |  4.2
Long Blades    | 1 2 3 4 |  4.2
Axes           | 1 2 3 4 |  4.2
Maces & Flails | 1 2 3 4 |  4.2
Polearms       | 1 2 3 4 |  4.2
Staves         | 1 2 3 4 |  4.2
Slings         | 1 2 3 4 |  4.2
Bows           | 1 2 3 4 |  4.2
Crossbows      | 1 2 3 4 |  4.2
Throwing       | 1 2 3 4 |  4.2
Dodging        | 1 2 3 4 |  4.2
Stealth        | 1 2 3 4 |  4.2
Spellcasting   | 1 2 3 4 |  4.2
Evocations     | 1 2 3 4 |  4.2
Conjurations   | 1 2 3 |  3.5
Hexes          | 1 2 3 |  3.5
Charms         | 1 2 3 |  3.5
Summonings     | 1 2 3 |  3.5
Necromancy     | 1 2 3 |  3.5
Translocations | 1 2 3 |  3.5
Transmutations | 1 2 3 |  3.5
Fire Magic     | 1 2 3 |  3.5
Ice Magic      | 1 2 3 |  3.5
Air Magic      | 1 2 3 |  3.5
Earth Magic    | 1 2 3 |  3.5
Poison Magic   | 1 2 3 |  3.5
Unarmed Combat | 5 6 |  6.3
Fighting       | 7 |  7.9
Armour         | 7 |  7.9
Shields        | 7 |  7.9

Action                   |  1- 3 |  4- 6 |  7- 9 || total
-------------------------+-------+-------+-------++-------
Melee: Unarmed           |    94 |   266 |   181 ||   541
       Bite              |    10 |    43 |    49 ||   102
       Falchion          |       |     2 |    19 ||    21
       Hand axe          |       |       |   190 ||   190
Evoke: Wand              |       |       |     3 ||     3
  Use: Potion            |       |     1 |     7 ||     8
       Scroll            |       |       |    11 ||    11
  Eat: Chunk             |       |    10 |    10 ||    20
       Ration            |       |       |     1 ||     1
Armor: Scale mail        |    37 |   109 |   113 ||   259
Dodge: Dodged            |    21 |    91 |   163 ||   275
Block: Shield            |    54 |   157 |   217 ||   428

Table legend:
 A = Spawn XP
 B = Non-spawn XP
 C = Spawn XP percentage of total XP
 D = Spawn monster count
 E = Non-spawn monster count
 F = Spawn count percentage of total count
 G = Total turns spent on level
                    A         B        C        D         E        F      G
               +---------+---------+-------+---------+---------+-------+---------
         Total |       0 |    3629 |   0.0 |       0 |     190 |   0.0 |  8092
               +---------+---------+-------+---------+---------+-------+---------
           D:1 |       0 |      58 |   0.0 |       0 |      23 |   0.0 |   749
           D:2 |       0 |      78 |   0.0 |       0 |      19 |   0.0 |   917
           D:3 |       0 |     232 |   0.0 |       0 |      42 |   0.0 |   934
           D:4 |       0 |     270 |   0.0 |       0 |      16 |   0.0 |  1479
           D:5 |       0 |     237 |   0.0 |       0 |       9 |   0.0 |   663
           D:6 |       0 |     804 |   0.0 |       0 |      28 |   0.0 |  1666
           D:7 |       0 |     946 |   0.0 |       0 |      27 |   0.0 |  1314
           D:8 |       0 |     817 |   0.0 |       0 |       5 |   0.0 |   139
       Ossuary |       0 |     187 |   0.0 |       0 |      21 |   0.0 |   168
               +---------+---------+-------+---------+---------+-------+---------
